 Dungeon Crawl Stone Soup version 0.30-a0-534-gdc55766716 (webtiles) character file.

Game seed: 9767676206196095941

102757 Jase the Bludgeoner (level 16, -2/180 (185) HPs)
             Began as an Ogre Berserker on Dec 24, 2022.
             Was a High Priest of Trog.
             Slain by a shock serpent (9 damage)
             ... on level 3 of the Snake Pit.
             The game lasted 02:10:27 (27619 turns).

Jase the Bludgeoner (Ogre Berserker)               Turns: 27619, Time: 02:10:28

HP:   -2/180 (185)  AC: 10    Str: 25    XL:     16   Next: 34%
MP:   5/5           EV: 16    Int: 13    God:    Trog [*****.]
Gold: 1370          SH:  0    Dex: 20    Spells: 15/15 levels left

rFire   . . .      SeeInvis .    a - +8 giant spiked club (antimagic)
rCold   . . .      Faith    .    (shield currently unavailable)
rNeg    . . .      Spirit   .    S - +0 acid dragon scales
rPois   +          Reflect  .    A - +2 hat
rElec   .          Harm     .    (no cloak)
rCorr   +          Rampage  .    (gloves unavailable)
Will    +....                    (boots unavailable)
Stlth   +                        C - amulet of regeneration
HPRegen 1.30/turn                K - ring of resist corrosion
MPRegen 0.09/turn                j - ring of Ivat {rPois Int+5 Dex+6}

@: lightly drained
A: large, unfitting armour, tough skin 1
a: Renounce Religion, Berserk, Trog's Hand, Brothers in Arms


You were on level 3 of the Snake Pit.
You worshipped Trog.
Trog was extremely pleased with you.
You visited 4 branches of the dungeon, and saw 22 of its levels.
You visited 1 bazaar.

You collected 3232 gold pieces.
You spent 1862 gold pieces at shops.

Inventory:

Hand Weapons
 a - a +8 antimagic giant spiked club (weapon)
 b - a +1 giant club of flaming
 c - a +1 demon whip of venom
Missiles
 f - 100 stones
 l - 2 javelins
 n - 14 large rocks
 r - 16 poisoned darts (quivered)
 w - 6 silver javelins
 J - 5 curare-tipped darts
 L - 5 boomerangs of dispersal
 P - 14 boomerangs
 R - 3 atropa-tipped darts
Armour
 A - a +2 hat (worn)
 S - +0 acid dragon scales (worn)
Jewellery
 j - the ring of Ivat (right hand) {rPois Int+5 Dex+6}
   (You bought it in a shop in a bazaar)

   [ring of dexterity]

   Int:       It affects your intelligence (+5).
   Dex:       It affects your dexterity (+6).
   rPois:     It protects you from poison.
 B - an amulet of reflection
 C - an amulet of regeneration (around neck)
 K - a ring of resist corrosion (left hand)
Wands
 p - a wand of quicksilver (9)
 u - a wand of digging (1)
 y - a wand of roots (18)
 I - a wand of polymorph (4)
 M - a wand of paralysis (8)
Scrolls
 e - 4 scrolls of magic mapping
 o - 2 scrolls of blinking
 q - 3 scrolls of fog
 s - 14 scrolls of teleportation
 t - 5 scrolls of fear
 x - 4 scrolls of immolation
 E - 3 scrolls of identify
 F - 4 scrolls of enchant armour
 O - 4 scrolls of poison
 Q - 2 scrolls of butterflies
Potions
 d - a potion of flight
 g - 6 potions of lignification
 h - 3 potions of attraction
 i - 12 potions of curing
 k - 4 potions of magic
 m - 6 potions of mutation
 v - 2 potions of invisibility
 z - 3 potions of heal wounds
 D - 5 potions of haste
 G - a potion of might
 H - 2 potions of cancellation
 N - 2 potions of ambrosia
 T - 2 potions of berserk rage


   Skills:
 + Level 17.8 Fighting
 * Level 18.6 Maces & Flails
 + Level 9.3 Throwing
 - Level 5.0 Armour
 - Level 11.0 Dodging


You had 15 spell levels left.
You didn't know any spells.
Your spell library was empty.

Dungeon Overview and Level Annotations

Branches:
Dungeon (12/15)            Temple (0/1) D:4            Lair (5/5) D:11
  Swamp (0/4) Lair:2        Snake (3/4) Lair:3        Slime (0/5) Lair:5
    Orc (2/2) D:12            Elf (0/3) Orc:2

Altars:
Cheibriados
Dithmenos
Gozag
Qazlal
Ru
Sif Muna
Xom
Jiyva

Shops:
D:2 [   D:3 :   D:10 ?   D:12 (   Orc:2 ?([:   Snake:1 (   Snake:2 !([

Annotations:
D:3 2 runed translucent doors
D:5 3 runed translucent doors, PyroL's ghost, novice OpTm
Lair:1 1 runed translucent door, Taurus's ghost, journeyman MiFi
Lair:2 2 transporters, whiskeysaurus's ghost, journeyman DrFE
Lair:5 exclusion: obsidian statue
Orc:2 1 runed translucent door, ytrimaz's ghost, journeyman MiBe


Innate Abilities, Weirdness & Mutations

You are too large for most types of armour.
You have tough skin. (AC +1)


Message History

The shock serpent is severely wounded.
The shock serpent's electric aura discharges, shocking you!
The shock serpent misses you.
The shock serpent shoots out a bolt of lightning at you!
The bolt of electricity hits you! x2
The bolt of electricity hits the shock serpent.
The shock serpent completely resists.
The bolt of electricity hits the shock serpent.
The shock serpent completely resists.
You barely miss the shock serpent.
The shock serpent is severely wounded.
The shock serpent shoots out a bolt of lightning at you!
The bolt of electricity hits you!!
* * * LOW HITPOINT WARNING * * *
The bolt of electricity misses you.
The bolt of electricity hits the shock serpent.
The shock serpent completely resists.
The bolt of electricity misses the shock serpent.
You closely miss the shock serpent.
The shock serpent is severely wounded.
The shock serpent shoots out a bolt of lightning at you!
The bolt of electricity hits you!
* * * LOW HITPOINT WARNING * * *
The bolt of electricity hits you!
* * * LOW HITPOINT WARNING * * *
The bolt of electricity hits the shock serpent.
The shock serpent completely resists.
The bolt of electricity hits the shock serpent.
The shock serpent completely resists.
The shock serpent bites you.
* * * LOW HITPOINT WARNING * * *
The shock serpent shocks you!
* * * LOW HITPOINT WARNING * * *
You miss the shock serpent.
The shock serpent is severely wounded.
The shock serpent bites you but does no damage.
Unknown command.
You closely miss the shock serpent.
The shock serpent is severely wounded.
The shock serpent bites you!
You die...

.... ##...>...# . .. #S
.!......#.. #.
#.#.#....... .## .#
#..(......# (..##.
#.##(..# .....# ##.#
##.## ##...####.## #.##
......#....## ##S#
#.###.<.....# #@## .
##......## ##.###
#........## #...#
#....)....# #.##......
#.#.......###.# .....
#..##.......#..##......
....
#..................
.....
##......####.......
.... ###.....# ##... .


You could see a shock serpent (very poisoned).

Vanquished Creatures
  Rupert (Orc:2)
  Gastronok (Orc:1)
  Aizul (Snake:2)
  A dire elephant (Lair:5)
  Josephine (D:11)
  A deep elf high priest (D:12)
  4 anacondas
  3 boulder beetles
  A hydra (Lair:2)
  5 two-headed ogres
  6 naga warriors
  14 death yaks
  4 orc high priests (Orc:2)
  4 shock serpents
  A salamander mystic (Snake:2)
  Sonja (Orc:2)
  Amaemon (D:8)
  A spectral anaconda (Lair:5)
  4 necromancers (Lair:5)
  A deep elf pyromancer (D:12)
  5 orc sorcerers (Orc:2)
  5 cyclopes
  8 orc knights
  2 mana vipers
  An oklob plant (Lair:3)
  2 ugly things (D:12)
  2 manticores (D:12)
  A dire elephant zombie (Lair:5)
  7 salamanders
  Joseph (D:7)
  23 elephants
  4 naga magi
  4 guardian serpents
  15 black mambas
  A torpor snail (Lair:5)
  A gargoyle (D:10)
  12 cane toads
  An orange demon (D:8)
  3 unseen horrors
  A dire elephant skeleton (Lair:5)
  4 rime drakes
  12 komodo dragons
  10 slime creatures
  Grinder (D:4)
  10 trolls
  9 blink frogs
  3 polar bears
  A spectral elephant (Lair:5)
  A dream sheep (Lair:5)
  3 vampires
  6 wraiths
  A dire elephant simulacrum (Lair:5)
  2 water elementals (D:12)
  45 yaks
  Eustachio (D:4)
  A basilisk (Lair:2)
  8 wyverns
  A steam dragon (D:8)
  2 vampire mosquitoes (D:12)
  A death yak simulacrum (Lair:5)
  24 nagas
  3 wargs
  2 acid dragons (D:12)
  An ice beast (D:7)
  8 water moccasins
  2 sky beasts
  32 orc warriors
  5 ogres
  An elephant skeleton (Lair:5)
  9 wolves
  5 centaurs
  3 kobold brigands
  12 bullfrogs
  2 gnoll sergeants
  A scorpion (D:6)
  2 cane toad simulacra (Lair:5)
  A necrophage (D:4)
  5 wights (D:6)
  An elephant simulacrum (Lair:5)
  4 killer bees (D:8)
  A howler monkey (D:9)
  2 jellies (D:2)
  23 orc priests
  3 hounds (D:5)
  2 gnoll boudas
  24 orc wizards
  An iguana (D:4)
  Robin (D:4)
  9 adders
  22 gnolls
  2 shadow imps (D:6)
  3 white imps
  An ufetubus (D:6)
  2 worms (D:4)
  A dart slug (D:1)
  87 orcs
  5 bats
  12 endoplasms
  A giant cockroach (D:1)
  10 goblins
  10 hobgoblins
  12 jackals
  26 kobolds
  2 quokkas
  10 ball pythons
  4 frilled lizards
  6 rats
  A bush (Lair:3)
  A butterfly (Lair:4)
684 creatures vanquished.

Vanquished Creatures (collateral kills)
  An orc warlord (Orc:1)
  A naga sharpshooter (Snake:2)
  A black mamba (Snake:2)
  2 naga magi (Snake:2)
  A naga (Snake:2)
  An orc warrior (Orc:1)
  2 orcs (Orc:1)
9 creatures vanquished.

Vanquished Creatures (others)
  A deep elf pyromancer (D:12)
  An orc wizard (Orc:2)
  3 bushes
  32 fungi
  63 plants
  9 toadstools (D:2)
  13 withered plants (Lair:5)
122 creatures vanquished.

Grand Total: 815 creatures vanquished

Notes
Turn   | Place    | Note
-------+----------+-------------------------------------------
     0 | D:1      | Jase the Ogre Berserker began the quest for the Orb.
     0 | D:1      | Reached XP level 1. HP: 24/24 MP: 1/1
   162 | D:1      | Reached XP level 2. HP: 32/32 MP: 2/2
   191 | D:1      | Reached skill level 3 in Maces & Flails
   844 | D:2      | Reached XP level 3. HP: 10/39 MP: 3/3
  1000 | D:2      | Reached XP level 4. HP: 41/48 MP: 4/4
  1106 | D:2      | Reached skill level 4 in Maces & Flails
  1106 | D:2      | Reached XP level 5. HP: 52/54 MP: 5/5
  1277 | D:2      | Reached ** piety under Trog
  1634 | D:2      | Noticed a golden eye
  1640 | D:2      | Noticed a shining eye
  1642 | D:2      | Found a faded altar of an unknown god.
  1644 | D:2      | Noticed a great orb of eyes
  1644 | D:2      | Noticed a shining eye
  2207 | D:2      | Found Hiwaqo's Antique Armour Shop.
  2307 | D:2      | Found a snail-covered altar of Cheibriados.
  2603 | D:3      | Found an opulent altar of Gozag.
  2657 | D:3      | Found a stormy altar of Qazlal.
  2657 | D:3      | Noticed a centaur
  2671 | D:3      | Killed a centaur
  2672 | D:3      | Reached skill level 5 in Fighting
  2672 | D:3      | Reached XP level 6. HP: 16/66 MP: 6/6
  3061 | D:3      | Found Ciloh's Book Boutique.
  3144 | D:3      | Found a large runed translucent door.
  3144 | D:3      | Found a large runed translucent door.
  3935 | D:4      | Noticed Grinder
  3961 | D:4      | Paralysed by Grinder for 5 turns
  3970 | D:4      | Killed Grinder
  3971 | D:4      | Reached skill level 5 in Maces & Flails
  3971 | D:4      | Reached skill level 5 in Dodging
  3971 | D:4      | Reached XP level 7. HP: 15/75 MP: 7/7
  4179 | D:4      | Found a staircase to the Ecumenical Temple.
  4692 | D:4      | Noticed Eustachio
  4708 | D:4      | Killed Eustachio
  4709 | D:4      | Reached XP level 8. HP: 84/84 MP: 8/8
  5091 | D:4      | Identified the +1 ring mail of the Dungeon {Stlth+}
  5127 | D:4      | Noticed Robin
  5142 | D:4      | Killed Robin
  5168 | D:4      | Reached *** piety under Trog
  5372 | D:5      | Entered Level 5 of the Dungeon
  5466 | D:5      | Reached skill level 6 in Maces & Flails
  5561 | D:5      | Found a runed translucent gate.
  5561 | D:5      | Found a runed translucent gate.
  5561 | D:5      | Found a runed translucent gate.
  5576 | D:5      | Noticed PyroL's ghost (novice OpTm)
  6460 | D:6      | Reached skill level 7 in Maces & Flails
  6592 | D:6      | Reached XP level 9. HP: 94/94 MP: 9/9
  7518 | D:7      | Reached skill level 8 in Maces & Flails
  7824 | D:7      | Found a sacrificial altar of Ru.
  7861 | D:7      | Identified the +2 sling "Osmilung" {vorpal, rF+ Int+4}
  8042 | D:7      | Noticed Joseph
  8060 | D:7      | Killed Joseph
  8309 | D:8      | Reached **** piety under Trog
  8576 | D:8      | Reached skill level 9 in Maces & Flails
  8576 | D:8      | Reached XP level 10. HP: 109/109 MP: 10/10
  8620 | D:8      | Noticed Amaemon
  8638 | D:8      | Noticed an orange demon
  8645 | D:8      | Killed Amaemon
  8646 | D:8      | Reached skill level 10 in Fighting
  8650 | D:8      | Killed an orange demon
  8873 | D:8      | Found a shadowy altar of Dithmenos.
  8920 | D:8      | Reached skill level 1 in Throwing
  9232 | D:9      | Reached skill level 10 in Maces & Flails
  9434 | D:9      | Identified the +3 spear "Mud Pie of Death" {drain, *Corrode
                  | +Blink Int+2}
  9708 | D:9      | Reached XP level 11. HP: 91/120 MP: 11/11
 10197 | D:10     | Entered Level 10 of the Dungeon
 10204 | D:10     | Noticed a two-headed ogre
 10212 | D:10     | Killed a two-headed ogre
 10213 | D:10     | Reached skill level 11 in Maces & Flails
 10272 | D:10     | Found Foochoev's Magic Scroll Boutique.
 10283 | D:10     | Bought a scroll of identify for 32 gold pieces
 10283 | D:10     | Bought a scroll of identify for 32 gold pieces
 10283 | D:10     | Bought a scroll of identify for 32 gold pieces
 10283 | D:10     | Bought a scroll of teleportation for 48 gold pieces
 10283 | D:10     | Bought a scroll of identify for 32 gold pieces
 10551 | D:10     | Noticed a two-headed ogre
 10587 | D:10     | Killed a two-headed ogre
 10779 | D:10     | Noticed a two-headed ogre
 10787 | D:10     | Killed a two-headed ogre
 11304 | D:10     | Reached skill level 5 in Throwing
 11348 | D:11     | Noticed an orc knight
 11366 | D:11     | Killed an orc knight
 11629 | D:11     | Noticed a cyclops
 11644 | D:11     | Killed a cyclops
 11645 | D:11     | Reached skill level 12 in Maces & Flails
 11865 | D:11     | Found a staircase to the Lair.
 11906 | D:11     | Noticed Josephine
 11921 | D:11     | Killed Josephine
 11935 | D:11     | Reached XP level 12. HP: 130/130 MP: 12/12
 12024 | D:11     | Noticed a boulder beetle
 12066 | D:11     | Killed a boulder beetle
 12412 | D:11     | Found a shimmering blue altar of Sif Muna.
 12500 | Lair:1   | Entered Level 1 of the Lair of Beasts
 12651 | Lair:1   | Found a runed translucent door.
 12657 | Lair:1   | Noticed Taurus's ghost (journeyman MiFi)
 12660 | Lair:1   | Identified the +2 spear "Demonbane" {flame, Str+2}
 12893 | Lair:1   | Reached skill level 13 in Maces & Flails
 14631 | Lair:2   | Found a staircase to the Swamp.
 14802 | Lair:2   | You fall into a shaft and drop 2 floors!
 14929 | Lair:2   | Noticed whiskeysaurus's ghost (journeyman DrFE)
 14936 | Lair:2   | Found a transporter.
 14940 | Lair:2   | Found a transporter.
 15216 | Lair:2   | Noticed a six-headed hydra
 15223 | Lair:2   | Killed a six-headed hydra
 15932 | Lair:3   | Reached skill level 14 in Maces & Flails
 16075 | Lair:3   | Reached XP level 13. HP: 141/141 MP: 13/13
 16593 | Lair:3   | Found a staircase to the Snake Pit.
 17025 | Lair:4   | Reached skill level 10 in Dodging
 17033 | Lair:4   | HP: 4/144 [death yak (10)]
 17887 | Lair:4   | Reached skill level 15 in Maces & Flails
 18673 | D:12     | Reached ***** piety under Trog
 18949 | D:10     | Bought a scroll of fear for 64 gold pieces
 18949 | D:10     | Bought a scroll of amnesia for 64 gold pieces
 19062 | D:12     | Noticed a deep elf high priest
 19070 | D:12     | Killed a deep elf high priest
 19071 | D:12     | Reached skill level 1 in Armour
 19075 | D:12     | Reached XP level 14. HP: 60/157 MP: 14/14
 19715 | D:12     | Received a gift from Trog
 19920 | D:12     | Found a staircase to the Orcish Mines.
 19971 | D:12     | Found Cel Labo's Weapon Boutique.
 20413 | Orc:1    | Entered Level 1 of the Orcish Mines
 20433 | Orc:1    | Noticed an orc warlord
 20447 | Orc:1    | Killed an orc warlord
 20448 | Orc:1    | Reached skill level 16 in Maces & Flails
 20469 | Orc:1    | Reached skill level 15 in Fighting
 20769 | Orc:1    | Noticed Gastronok
 20794 | Orc:1    | Killed Gastronok
 21127 | Lair:5   | Entered Level 5 of the Lair of Beasts
 21548 | Lair:5   | Found a viscous altar of Jiyva.
 21549 | Lair:5   | Found a staircase to the Slime Pits.
 22384 | Lair:5   | Noticed a dire elephant
 22393 | Lair:5   | Killed a dire elephant
 22393 | Lair:5   | Received a gift from Trog
 22410 | Lair:5   | Reached XP level 15. HP: 167/169 MP: 5/15
 22604 | Lair:5   | Reached skill level 17 in Maces & Flails
 22721 | Lair:5   | Reached skill level 5 in Armour
 23418 | Orc:2    | Entered Level 2 of the Orcish Mines
 23433 | Orc:2    | Found a flickering gateway to a bazaar.
 23439 | Bazaar   | Entered a bazaar
 23439 | Bazaar   | Found Huref's General Store.
 23439 | Bazaar   | Found Saujonurph's Jewellery Emporium.
 23439 | Bazaar   | Found Emur's Antique Armour Shop.
 23439 | Bazaar   | Found Wufrez's Distillery.
 23441 | Bazaar   | Found Doddiola's Antique Weapon Boutique.
 23441 | Bazaar   | Found Muokofa's Assorted Antiques.
 23457 | Bazaar   | Bought a potion of flight for 36 gold pieces
 23460 | Bazaar   | Bought the ring of Ivat {rPois Int+5 Dex+6} for 577 gold
                  | pieces
 24174 | Orc:2    | Found Ugess's Magic Scroll Boutique.
 24174 | Orc:2    | Found Vave's Book Emporium.
 24177 | Orc:2    | Found Zonir's Antique Weapon Boutique.
 24177 | Orc:2    | Found Seer's Armour Emporium.
 24184 | Orc:2    | Bought a scroll of acquirement for 728 gold pieces
 24188 | Orc:2    | Acquired 1059 gold pieces
 24190 | Orc:2    | Bought a scroll of enchant armour for 105 gold pieces
 24190 | Orc:2    | Bought a scroll of poison for 56 gold pieces
 24192 | Orc:2    | Bought a scroll of immolation for 56 gold pieces
 24326 | Orc:2    | Noticed Rupert
 24333 | Orc:2    | Killed Rupert
 24565 | Orc:2    | Found a staircase to the Elven Halls.
 24655 | Orc:2    | Noticed Sonja
 24658 | Orc:2    | Killed Sonja
 24731 | Orc:2    | Found a runed translucent door.
 24734 | Orc:2    | Found a shimmering altar of Xom.
 24734 | Orc:2    | Noticed ytrimaz's ghost (journeyman MiBe)
 24774 | Orc:2    | Received a gift from Trog
 25195 | Snake:1  | Entered Level 1 of the Snake Pit
 25517 | Snake:1  | Reached skill level 18 in Maces & Flails
 25736 | Snake:1  | Identified the +5 quarterstaff of Josi Ehu {drain, Int+4}
 25770 | Snake:1  | Found Xiqu's Weapon Shop.
 26115 | Snake:2  | Reached XP level 16. HP: 171/183 MP: 5/16
 26808 | Snake:2  | Found Viosasch's Weapon Shoppe.
 26973 | Snake:2  | Noticed Aizul
 26988 | Snake:2  | Killed Aizul
 26993 | Snake:2  | HP: 5/185 [naga mage/+0 spear (5)]
 27003 | Snake:2  | Found Merecyuk's Armour Shoppe.
 27412 | Snake:2  | Found Agoobidwu's Distillery.
 27617 | Snake:3  | HP: 5/180 [shock serpent (12)]
 27619 | Snake:3  | Slain by a shock serpent

Illustrated notes

Levels and vault maps discovered:
D:1:      minmay_arrival_solitary_statue, layout_basic, serial_bayou,
          serial_bayou_ford_a, serial_bayou_crossing, serial_bayou_shore_a,
          serial_bayou_shore_b, serial_bayou_lake_a, supply_closet_lemuel
D:2:      cheibrodos_fertilizer, layout_basic,
          hellmonk_ecumenical_altar_watching_god, serial_shops,
          nicolae_shop_crystal, basic_altar, minmay_misc_feat_nine_boxes
D:3:      layout_basic, mainiacjoe_overflow_two_lobes, jmf_multi_god_temple2,
          serial_shops, nicolae_diamond_shop
D:4:      layout_loops_cross, temple_statues,
          nicolae_concentric_dashed_squares_wild, uniq_grinder, uniq_robin,
          uniq_eustachio
D:5:      layout_rooms, gammafunk_ghost_nasty_kobolds
D:6:      layout_loops_corners, hangedman_decor_peaks_small,
          kennysheep_generic_room_2
D:7:      layout_cave_pods, hangedman_ru_absence, wad_floor_pattern_untrapped,
          uniq_joseph
D:8:      layout_rooms, nicolae_dithmenos_the_darkroom, uniq_amaemon
D:9:      layout_basic, minmay_checkerbox
D:10:     layout_roguey, serial_shops, nicolae_shop_advertising_works
          [nicolae_subvault_shop_adworks], nrook_mini_backslash,
          minmay_misc_feat_secret_circle, dk_noncrumbling_3,
          kennysheep_pointless_box, minmay_hedge_maze
D:11:     layout_roguey, lair_entry_dummy, kennysheep_orc_sif_temple,
          uniq_josephine
D:12:     nzn_winding_woodlands_stair_trap [nzn_winding_woodlands_5x15_pockets,
          nzn_winding_woodlands_5x15_cabin, nzn_winding_woodlands_5x15_twine,
          nzn_winding_woodlands_15x15_eel_pit, nzn_winding_woodlands_5x15_eye,
          nzn_winding_woodlands_5x15_longhouse,
          nzn_winding_woodlands_5x15_sidewinder], layout_irregular_city,
          orc_david_3
Lair:1:   layout_layer_cave, ebering_ghost_funeral_grove
Lair:2:   layout_gridlike, swamp_mist_pool, gammafunk_ghost_hive, minivault_24,
          st_stairs_5
Lair:3:   layout_regular_city, guppyfry_snake_entry_garden,
          minmay_lair_oklob_bushes, grunt_megastairs_5, lemuel_fruit_tree
Lair:4:   layout_cave_pods, minmay_stone_trees_small, lemuel_fruit_fields,
          grunt_megastairs_3
Lair:5:   due_jungle_book, layout_regular_city, slime_entry_1,
          wad_woods_river_01
Snake:1:  layout_misc_corridors, serial_shops,
          nicolae_shop_bloodbath_and_beyond, drop_trap,
          nrook_guardian_serpent_ordinary
Snake:2:  layout_misc_corridors, serial_shops, nicolae_shop_crystal,
          nicolae_shop_crystal, nicolae_lakefront_shop, grunt_megastairs_4,
          uniq_aizul
Snake:3:  layout_chambers, basic_altar, nicolae_triple_integral
Orc:1:    layout_diamond_mine, uniq_gastronok
Orc:2:    grunt_orc_tribal_feast, layout_diamond_mine, ebering_ghost_xom,
          serial_shops, bzr_entry_safe, uniq_sonja, uniq_rupert

Skill      XL: |  1  2  3  4  5  6  7  8  9 10 11 12 13 14 15 16 |
---------------+-------------------------------------------------+-----
Maces & Flails | 3 4 5 7 9 10 12 14 15 16 18 | 18.6
Dodging        | 3 4 5 6 7 8 9 10 11 | 11.0
Fighting       | 5 6 8 9 11 12 14 15 17 | 17.8
Throwing       | 3 6 7 8 9 |  9.3
Armour         | 1 4 5 |  5.0

Action                   |  1- 3 |  4- 6 |  7- 9 | 10-12 | 13-15 | 16-18 || total
-------------------------+-------+-------+-------+-------+-------+-------++-------
Melee: Mace              |    83 |   184 |   440 |   796 |       |       ||  1503
       Punch             |     1 |     2 |     4 |    11 |       |       ||    18
       Giant spiked club |       |       |       |     1 |   657 |   104 ||   762
       Giant club        |       |       |       |       |   242 |       ||   242
Throw: Stone             |     4 |     3 |     8 |    55 |    70 |    28 ||   168
       Dart              |       |       |       |     6 |     8 |     3 ||    17
       Boomerang         |       |       |       |     4 |     9 |     2 ||    15
       Javelin           |       |       |       |       |     4 |       ||     4
       Large rock        |       |       |       |       |     4 |       ||     4
Invok: Berserk           |     1 |     7 |    13 |    12 |     6 |     3 ||    42
       Trog's Hand       |       |     1 |       |     2 |     2 |     1 ||     6
       Brothers in Arms  |       |       |       |       |     1 |     1 ||     2
Evoke: Wand              |       |       |       |     2 |     1 |       ||     3
  Use: Scroll            |       |       |     1 |    18 |     7 |       ||    26
       Potion            |       |       |       |       |       |     2 ||     2
 Stab: Distracted        |       |     1 |       |       |       |       ||     1
       Sleeping          |       |     1 |       |       |     1 |       ||     2
Armor: Animal skin       |    26 |    43 |   132 |   224 |    32 |       ||   457
       Troll leather arm |       |       |       |       |    20 |       ||    20
       Acid dragon scale |       |       |       |       |   140 |    12 ||   152
Dodge: Dodged            |    45 |   103 |   239 |   376 |   511 |    70 ||  1344

Table legend: (Time is in decaauts)
 A = Elapsed time spent in this place.
 B = Non-inter-level travel time spent in this place.
 C = Inter-level travel time spent in this place.
 D = Time resting spent in this place.
 E = Time spent auto-exploring this place.
 F = Levels seen in this place.
 G = Mean time per level.
                   A        B        C        D        E       F      G
               +--------+--------+--------+--------+--------+-----+--------+
         Total |  27800 |  26219 |   1581 |   6048 |  11920 |  23 | 1208.7 |
       Dungeon |  14911 |  14115 |    796 |   3123 |   7255 |  12 | 1242.6 |
          Lair |   8343 |   7696 |    647 |   1746 |   3926 |   5 | 1668.6 |
     Snake Pit |   2321 |   2265 |     56 |    735 |    375 |   3 |  773.7 |
  Orcish Mines |   2191 |   2109 |     82 |    443 |    364 |   2 | 1095.5 |
        Bazaar |     31 |     31 |      0 |      0 |      0 |   1 |   31.0 |
               +--------+--------+--------+--------+--------+-----+--------+

Top non-repeatable levels by time:
  Lair:5: 2118 daAuts
  Lair:1: 1977 daAuts
    D:12: 1699 daAuts
     D:2: 1682 daAuts
  Lair:3: 1621 daAuts
   Orc:2: 1603 daAuts
     D:4: 1597 daAuts
    D:11: 1576 daAuts
  Lair:4: 1526 daAuts
     D:3: 1433 daAuts
 Snake:2: 1344 daAuts
     D:6: 1280 daAuts
    D:10: 1193 daAuts
     D:9: 1107 daAuts
  Lair:2: 1100 daAuts
